 Dungeon Crawl Stone Soup version 0.31-a0-986-g5e6e4ef867 (webtiles) character file.

Game seed: 10412195288081782710

1122 lessens the Ducker (level 8, -1/64 HPs)
             Began as a Gnoll Gladiator on Nov 9, 2023.
             Was a Believer of Trog.
             Killed from afar by Dowan (10 damage)
             ... with a shard of ice
             ... on level 6 of the Dungeon.
             The game lasted 00:07:56 (6050 turns).

lessens the Ducker (Gnoll Gladiator)                Turns: 6050, Time: 00:07:56

Health: -1/64      AC:  8    Str: 15    XL:     8   Next: 35%
Magic:  12/12      EV: 11    Int:  8    God:    Trog [**....]
Gold:   378        SH:  5    Dex: 14    Spells: 13/13 levels left

rFire   . . .        a - +0 war axe
rCold   . . .        p - +0 buckler
rNeg    . . .        s - +0 scale mail
rPois   .            c - +0 helmet
rElec   .            (no cloak)
rCorr   .            (no gloves)
SInv    .            (no boots)
Will    .....        (no amulet)
Stlth   +            (no ring)
HPRegen 0.30/turn    (no ring)
MPRegen 0.13/turn

%: no passive effects
@: lit by a corona, on berserk cooldown, slowed, glowing, very slow
A: fangs 1, strong nose, distributed training
a: Renounce Religion, Berserk, Trog's Hand


You were on level 6 of the Dungeon.
You worshipped Trog.
Trog was pleased with you.
You visited 2 branches of the dungeon, and saw 7 of its levels.
You also visited: Sewer.

You collected 378 gold pieces.

Inventory:

Hand Weapons
 a - a +0 war axe (weapon)
 k - a +0 dagger of venom
 y - a +0 hand axe of flaming
 z - a +0 heavy sling
Missiles
 d - 5 throwing nets
 e - a javelin
 n - 57 stones
 I - 5 datura-tipped darts
 J - 4 poisoned darts
Armour
 b - a +0 leather armour
 c - a +0 helmet (worn)
 f - a +0 chain mail of positive energy
 p - a +0 buckler (worn)
 s - a +0 scale mail (worn)
 x - +0 fire dragon scales
 L - a scarf of harm
Jewellery
 q - a ring of willpower
 u - a +4 ring of slaying
Scrolls
 i - a scroll of butterflies {unknown}
 j - 2 scrolls of fear {unknown}
 l - 3 scrolls of fog {unknown}
 t - 2 scrolls of vulnerability {unknown}
 w - 3 scrolls of identify {unknown}
 B - a scroll of blinking {unknown}
 C - a scroll of revelation {unknown}
 E - a scroll of enchant armour {unknown}
 F - a scroll of poison {unknown}
 H - 2 scrolls of teleportation {unknown}
 M - a scroll of silence {unknown}
Potions
 g - a potion of lignification {unknown}
 h - a potion of enlightenment {unknown}
 m - a potion of curing {unknown}
 o - a potion of attraction {unknown}
 r - a potion of haste {unknown}
 v - a potion of ambrosia {unknown}
 A - 4 potions of might {unknown}
 D - a potion of mutation {unknown}
 G - a potion of brilliance {unknown}


   Skills:
 + Level 5.6 Fighting
 + Level 3.2 Short Blades
 + Level 3.2 Long Blades
 + Level 7.3 Axes
 + Level 3.2 Maces & Flails
 + Level 3.2 Polearms
 + Level 3.2 Staves
 + Level 3.2 Ranged Weapons
 + Level 5.6 Throwing
 + Level 3.2 Armour
 + Level 7.3 Dodging
 + Level 3.2 Stealth
 + Level 3.2 Shields
 + Level 3.2 Unarmed Combat
 + Level 3.2 Spellcasting
 + Level 2.6 Conjurations
 + Level 2.6 Hexes
 + Level 2.6 Summonings
 + Level 2.6 Necromancy
 + Level 2.6 Translocations
 + Level 2.6 Transmutations
 + Level 2.6 Fire Magic
 + Level 2.6 Ice Magic
 + Level 2.6 Air Magic
 + Level 2.6 Earth Magic
 + Level 2.6 Poison Magic
 + Level 3.5 Invocations
 + Level 3.2 Evocations
 + Level 2.9 Shapeshifting


You had 13 spell levels left.
You didn't know any spells.
Your spell library contained the following spells:

 Spells                   Type           Power      Damage    Failure   Level
 Apportation              Tloc           10%        N/A       47%         1
 Necrotise                Necr           20%        1d5       47%         1
 Summon Small Mammal      Summ           20%        N/A       47%         1


Dungeon Overview and Level Annotations

Branches:
Dungeon (6/15) Zot: 26758  Temple (1/1) D:5 Zot: 5850   Sewer (visited)

Altars:
Cheibriados
Dithmenos
Elyvilon
Fedhas
Hepliaklqana
Nemelex Xobeh
Okawaru
Qazlal
Trog
Uskayaw
Vehumet
Wu Jian
Zin
The Shining One

Annotations:
D:6 Dowan


Innate Abilities, Weirdness & Mutations

You have very sharp teeth.
Your uncanny sense of smell can sniff out nearby items.
Your experience applies equally to all skills.


Message History

Dowan blinks!
Found a scroll labelled SORGHA SORPHI.
You feel a strong urge to attack something.
You hit Dowan.
Dowan is severely wounded.
Dowan hits you with a +0 dagger.
* * * LOW HITPOINT WARNING * * *
You barely miss Dowan. You bite Dowan!
Dowan is almost dead.
Dowan hits you with a +0 dagger.
* * * LOW HITPOINT WARNING * * *
You completely miss Dowan.
Dowan is almost dead.
You are no longer berserk.
You are exhausted.
You feel yourself slow down. Dowan closely misses you.
You hit Dowan but do no damage.
Dowan is almost dead.
Dowan hits you but does no damage. x2; Dowan hits you with a +0 dagger.
* * * LOW HITPOINT WARNING * * *
You closely miss Dowan. Your bite misses Dowan.
Dowan is almost dead.
Dowan looks more healthy.
Dowan points at you and mumbles some strange words.
The shard of ice hits you.
* * * LOW HITPOINT WARNING * * *
Dowan mumbles some strange words.
Dowan blinks!
You aren't carrying any items that you can evoke.
Throw: dart (curare)
Press: ? - help, Q - select action, (/) - cycle Shift-Dir - straight line, f - Dowan
Aim: Dowan, wielding a +0 dagger and wearing a +1 robe of cold resistance (almost dead, fast, 50% to hit)
You throw a curare-tipped dart.
The curare-tipped dart barely misses Dowan.
You block Dowan's attack.
Dowan mumbles some strange words.
Dowan blinks!
Dowan gestures at you while chanting. The shard of ice hits you!
You die...

.#............ ....##
.#............. .....#
.'.............. .....#
.##...##.##....# e....#
.##...##.##....##....#
.....................##
......................#
.)))..................#
.).)..........†.@.....#
.##.........)...§....##
###...##.............#
.##...##......(##.....+
.#....########## ?....#
.#.....# ....?#
.#.....# ....##
.#.....# ....# .##....#


You could see Dowan (fast).

Vanquished Creatures
  Duvessa (D:6)
  Pargi (Sewer)
  An ice beast (D:5)
  A centaur (D:5)
  A kobold brigand (D:6)
  A gnoll sergeant (D:4)
  A scorpion (D:5)
  3 hounds
  A jelly (D:4)
  A gnoll bouda (D:5)
  An orc priest (D:3)
  2 orc wizards (D:4)
  An iguana (D:4)
  7 gnolls
  9 adders
  2 river rats (D:3)
  2 ufetubi (D:6)
  2 worms (D:3)
  A dart slug (D:1)
  14 orcs
  9 ball pythons
  9 bats
  4 endoplasms
  2 giant cockroaches (D:3)
  7 goblins
  6 hobgoblins
  8 jackals
  4 quokkas
  10 frilled lizards
  8 kobolds
  7 rats
127 creatures vanquished.

Vanquished Creatures (collateral kills)
  2 gnolls (D:4)
  A hobgoblin (D:4)
3 creatures vanquished.

Grand Total: 130 creatures vanquished

Notes
Turn   | Place    | Note
-------+----------+-------------------------------------------
     0 | D:1      | lessens the Gnoll Gladiator began the quest for the Orb.
     0 | D:1      | Reached XP level 1. HP: 20/20 MP: 1/1
    41 | D:1      | Reached XP level 2. HP: 24/26 MP: 2/2
   262 | D:1      | Reached XP level 3. HP: 31/31 MP: 3/3
   470 | D:1      | Reached skill level 1 in Invocations
   753 | D:2      | Reached skill level 1 in Short Blades
   753 | D:2      | Reached skill level 1 in Long Blades
   753 | D:2      | Reached skill level 1 in Maces & Flails
   753 | D:2      | Reached skill level 1 in Polearms
   753 | D:2      | Reached skill level 1 in Staves
   753 | D:2      | Reached skill level 1 in Ranged Weapons
   753 | D:2      | Reached skill level 1 in Armour
   753 | D:2      | Reached skill level 1 in Stealth
   753 | D:2      | Reached skill level 1 in Shields
   753 | D:2      | Reached skill level 1 in Unarmed Combat
   753 | D:2      | Reached skill level 1 in Spellcasting
   753 | D:2      | Reached skill level 1 in Evocations
  1003 | D:2      | Reached XP level 4. HP: 38/38 MP: 5/5
  1005 | D:2      | Reached skill level 1 in Shapeshifting
  1252 | D:2      | Found a bloodstained altar of Trog.
  1287 | D:2      | Became a worshipper of Trog the Wrathful
  1876 | D:3      | Reached skill level 1 in Conjurations
  1876 | D:3      | Reached skill level 1 in Hexes
  1876 | D:3      | Reached skill level 1 in Summonings
  1876 | D:3      | Reached skill level 1 in Necromancy
  1876 | D:3      | Reached skill level 1 in Translocations
  1876 | D:3      | Reached skill level 1 in Transmutations
  1876 | D:3      | Reached skill level 1 in Fire Magic
  1876 | D:3      | Reached skill level 1 in Ice Magic
  1876 | D:3      | Reached skill level 1 in Air Magic
  1876 | D:3      | Reached skill level 1 in Earth Magic
  1876 | D:3      | Reached skill level 1 in Poison Magic
  2082 | D:3      | Found a blossoming altar of Fedhas.
  2119 | D:3      | Reached XP level 5. HP: 36/43 MP: 5/7
  2144 | D:3      | Found a glowing drain.
  2148 | D:3      | Reached * piety under Trog
  2158 | Sewer    | Entered a sewer
  2302 | Sewer    | Noticed Pargi
  2319 | Sewer    | Killed Pargi
  2320 | Sewer    | Reached XP level 6. HP: 45/50 MP: 8/8
  2880 | D:3      | Reached skill level 5 in Fighting
  2880 | D:3      | Reached skill level 5 in Throwing
  3280 | D:4      | Found a radiant altar of Vehumet.
  3869 | D:4      | Reached XP level 7. HP: 35/56 MP: 10/10
  4507 | D:5      | Entered Level 5 of the Dungeon
  4628 | D:5      | Reached ** piety under Trog
  4843 | D:5      | Found a staircase to the Ecumenical Temple.
  4871 | Temple   | Entered the Ecumenical Temple
  5112 | D:5      | Found a hazy altar of Hepliaklqana.
  5182 | D:5      | Reached XP level 8. HP: 44/63 MP: 12/12
  6016 | D:6      | Noticed Duvessa
  6018 | D:6      | Noticed Dowan
  6040 | D:6      | Killed Duvessa
  6050 | D:6      | Killed from afar by Dowan

Illustrated notes

Levels and vault maps discovered:
D:1:      lightli_iron_boxes, layout_rooms
D:2:      layout_basic, basic_altar, nicolae_eternal_life
D:3:      layout_loops_cross, lemuel_doored_altar, portal_sewer_entry_e,
          hangedman_decor_peaks_small
D:4:      layout_layer_cave, overflow_temple_1_default
D:5:      nicolae_cairo_tiling_large, layout_basic,
          mainiacjoe_overflow_tiny_flanked, minmay_temple_entry_gardened_gates
D:6:      layout_gridville, kennysheep_little_box,
          hangedman_abyss_or_decor_stabs, uniq_prince_ribbit1, uniq_duvessa
Temple:   bh_familiar_temple

Skill      XL: |  1  2  3  4  5  6  7 |
---------------+----------------------+-----
Invocations    | 1 2 3 |  3.5
Short Blades   | 1 2 3 |  3.2
Long Blades    | 1 2 3 |  3.2
Maces & Flails | 1 2 3 |  3.2
Polearms       | 1 2 3 |  3.2
Staves         | 1 2 3 |  3.2
Ranged Weapons | 1 2 3 |  3.2
Armour         | 1 2 3 |  3.2
Stealth        | 1 2 3 |  3.2
Shields        | 1 2 3 |  3.2
Unarmed Combat | 1 2 3 |  3.2
Spellcasting   | 1 2 3 |  3.2
Evocations     | 1 2 3 |  3.2
Shapeshifting  | 1 2 |  2.9
Conjurations   | 1 2 |  2.6
Hexes          | 1 2 |  2.6
Summonings     | 1 2 |  2.6
Necromancy     | 1 2 |  2.6
Translocations | 1 2 |  2.6
Transmutations | 1 2 |  2.6
Fire Magic     | 1 2 |  2.6
Ice Magic      | 1 2 |  2.6
Air Magic      | 1 2 |  2.6
Earth Magic    | 1 2 |  2.6
Poison Magic   | 1 2 |  2.6
Fighting       | 5 |  5.6
Throwing       | 5 |  5.6
Axes           | 7 |  7.3
Dodging        | 7 |  7.3

Action                     |  1- 3 |  4- 6 |  7- 9 || total
---------------------------+-------+-------+-------++-------
  Melee: War axe           |    56 |     3 |    16 ||    75
         Bite              |     7 |    30 |    22 ||    59
         Punch             |     2 |       |       ||     2
         Dagger            |    37 |   276 |   133 ||   446
         Hand axe          |       |       |    17 ||    17
  Throw: Dart              |       |       |     3 ||     3
 Invoke: Berserk           |       |       |     5 ||     5
    Use: Potion            |       |     1 |     2 ||     3
   Stab: Sleeping          |     1 |       |       ||     1
 Armour: Leather armour    |     3 |       |       ||     3
         Chain mail        |    65 |    14 |       ||    79
         Scale mail        |       |   157 |   128 ||   285
  Dodge: Dodged            |    60 |   160 |   112 ||   332
  Block: Buckler           |       |    51 |    39 ||    90

Table legend: (Time is in decaauts)
 A = Elapsed time spent in this place.
 B = Non-inter-level travel time spent in this place.
 C = Inter-level travel time spent in this place.
 D = Time resting spent in this place.
 E = Time spent auto-exploring this place.
 F = Levels seen in this place.
 G = Mean time per level.
                   A        B        C        D        E       F      G
               +--------+--------+--------+--------+--------+-----+--------+
         Total |   6115 |   5914 |    201 |    173 |   4421 |   8 |  764.4 |
       Dungeon |   5680 |   5479 |    201 |     39 |   4274 |   6 |  946.7 |
        Temple |    150 |    150 |      0 |    134 |      0 |   1 |  150.0 |
         Sewer |    284 |    284 |      0 |      0 |    146 |   1 |  284.0 |
               +--------+--------+--------+--------+--------+-----+--------+

Top non-repeatable levels by time:
     D:4: 1495 daAuts
     D:5: 1168 daAuts
     D:3: 1084 daAuts
     D:2: 1022 daAuts
     D:1: 669 daAuts
   Sewer: 284 daAuts
     D:6: 240 daAuts
  Temple: 150 daAuts

Levels and vault maps discovered:
D:1:      lightli_iron_boxes, layout_rooms
D:2:      layout_basic, basic_altar, nicolae_eternal_life
D:3:      layout_loops_cross, lemuel_doored_altar, portal_sewer_entry_e,
          hangedman_decor_peaks_small
D:4:      layout_layer_cave, overflow_temple_1_default
D:5:      nicolae_cairo_tiling_large, layout_basic,
          mainiacjoe_overflow_tiny_flanked, minmay_temple_entry_gardened_gates
D:6:      layout_gridville, kennysheep_little_box,
          hangedman_abyss_or_decor_stabs, uniq_prince_ribbit1, uniq_duvessa
Temple:   bh_familiar_temple
